 Dungeon Crawl Stone Soup version 0.30.0-10-gfe55d96785 (webtiles) character file.

Game seed: 10870583804096602853

23 Arex the Digger (level 2, 20/20 HPs)
             Began as a Demigod Earth Elementalist on May 13, 2023.
             Got out of the dungeon alive.
             The game lasted 00:01:35 (719 turns).

Arex the Digger (Demigod Earth Elementalist)         Turns: 719, Time: 00:01:36

Health: 20/20      AC:  4    Str:  9    XL:     2   Next: 54%
Magic:  7/7        EV: 11    Int: 17    God:
Gold:   20         SH:  5    Dex: 14    Spells: 4/5 levels left

rFire   . . .        f - +2 dagger (vamp)
rCold   . . .        h - +2 buckler
rNeg    . . .        a - +0 robe
rPois   .            g - +0 helmet
rElec   .            (no cloak)
rCorr   .            j - +0 pair of gloves
SInv    .            (no boots)
Will    .....        (no amulet)
Stlth   ++           (no ring)
HPRegen 0.23/turn    (no ring)
MPRegen 0.10/turn

%: no passive effects
@: no status effects
A: high MP 1, forlorn, divine attributes
a: no special abilities


You escaped.
You visited 1 branch of the dungeon, and saw 1 of its levels.

You collected 20 gold pieces.

Inventory:

Hand Weapons
 f - a +2 vampiric dagger (weapon)
Armour
 a - a +0 robe (worn)
 g - a +0 helmet (worn)
 h - a +2 buckler (worn)
 j - a +0 pair of gloves (worn)
Scrolls
 c - a scroll of teleportation {unknown}
 k - a scroll of acquirement {unknown}
 l - a scroll of amnesia {unknown}
Potions
 b - a potion of magic
 d - a potion of flight {unknown}
 e - a potion of heal wounds {unknown}
 i - a potion of brilliance {unknown}


   Skills:
 + Level 2.1 Dodging
 + Level 2.1 Stealth
 + Level 2.0 Spellcasting
 + Level 1.3 Transmutations
 + Level 2.9 Earth Magic


You had 4 spell levels left.
You knew the following spells:

 Your Spells              Type           Power      Damage    Failure   Level
a - Sandblast             Erth           22%        2d7       9%          1

Your spell library contained the following spells:

 Spells                   Type           Power      Damage    Failure   Level
 Beastly Appendage        Tmut           12%        N/A       19%         1
 Passwall                 Tmut/Erth      6%         N/A       19%         2
 Wereblood                Tmut           6%         N/A       26%         2
 Stone Arrow              Conj/Erth      12%        3d7       45%         3
 Spider Form              Tmut/Pois      3%         N/A       56%         3
 Petrify                  Tmut/Erth      8%         N/A       77%         4


Dungeon Overview and Level Annotations

Branches:
Dungeon (1/15) Zot: 5272


Innate Abilities, Weirdness & Mutations

You have an increased reservoir of magic. (+10% MP)
You shall have no god before yourself.
Your divine heritage dramatically boosts your attributes as you level up.


Message History

A hobgoblin is nearby!
A hobgoblin is nearby!
The hobgoblin hits you.
You hit the hobgoblin.
The hobgoblin is almost dead.
You block the hobgoblin's attack.
You hit the hobgoblin.
You feel better.
You kill the hobgoblin!
No target in view!
No target in view!
No target in view!
No target in view!
No target in view!
No target in view!
No target in view!
No target in view!
No target in view!
No target in view!
No target in view!
No target in view!
No target in view!
No target in view!
No target in view!
No target in view!
A quokka comes into view.
You can't go up here!
You closely miss the quokka. The quokka closely misses you.
The blast of sand hits the quokka!
You kill the quokka!
You can't see any susceptible monsters within range! (Use Z to cast anyway.)
You can't go up here!
There is an open door here.
You see here a stone.
There is an open door here.
There is a staircase leading out of the dungeon here.
Are you sure you want to leave the Dungeon?
This will make you lose the game!
Alright, then stay!
Unknown command.
Are you sure you want to leave the Dungeon?
This will make you lose the game!
You have escaped!

#...###.###.######.## ##.#####..
##.......##...# ##.###..# #..
..÷########'#.# #..#...# #.. ..)#
##.### ###....# #.. ...# #...#
### ###.## ### #.)# ##(..###.##
#(# .#.# #.((.(#...# ###.########
#..######((.(.#(..####....†..#...
#.......#((8(('.@.#..#.#.###.#...
#.##....#.(((^#...#..............
..##....#..(..#...#..#....##.#...
.###.#####.(.###.#####....##.#...
.....# #...##### #.......####
##.### ##.##. #..#.#### #.# #+#.#
#..#.# ##.# #...# #..#.#####
...#### #...## #........#


There were no monsters in sight!

Vanquished Creatures
  A dart slug (D:1)
  A giant cockroach (D:1)
  2 goblins (D:1)
  4 hobgoblins (D:1)
  3 kobolds (D:1)
  A quokka (D:1)
  A ball python (D:1)
  3 bats (D:1)
  2 frilled lizards (D:1)
18 creatures vanquished.

Notes
Turn   | Place    | Note
-------+----------+-------------------------------------------
     0 | D:1      | Arex the Demigod Earth Elementalist began the quest for the
                  | Orb.
     0 | D:1      | Reached XP level 1. HP: 14/14 MP: 5/5
    69 | D:1      | Reached skill level 1 in Transmutations
   339 | D:1      | Reached XP level 2. HP: 9/20 MP: 0/7
   719 | D:$      | Got out of the dungeon alive.

Illustrated notes

Levels and vault maps discovered:
D:1:      minmay_arrival_shattered_statue, layout_loops_cross,
          minmay_pentomino_v4

Skill      XL: |  1  2 |
---------------+-------+-----
Transmutations | 1 |  1.3
Stealth        | 2 |  2.1
Dodging        | 2 |  2.1
Spellcasting   | 2 |  2.0
Earth Magic    | |  2.9

Action                     || total
---------------------------++-------
  Melee: Dagger            ||    31
         Unarmed           ||     4
   Cast: Sandblast         ||    14
   Stab: Sleeping          ||     2
 Armour: Robe              ||     8
  Dodge: Dodged            ||    28
  Block: Buckler           ||     9
